 Dungeon Crawl Stone Soup version 0.25.1-2-g60ff931df9 (webtiles) character file.

Game seed: 5959567867199869565

203 tincowman the Shield-Bearer (level 5, -1/53 HPs)
             Began as a Troll Fighter on Nov 14, 2020.
             Slain by a sky beast (6 damage)
             ... on level 6 of the Dungeon.
             The game lasted 00:05:22 (865 turns).

tincowman the Shield-Bearer (Troll Fighter)          Turns: 865, Time: 00:05:25

Health: -1/53      AC:  6    Str: 25    XL:     5   Next: 51%
Magic:  4/4        EV:  8    Int:  4    God:
Gold:   90         SH:  9    Dex:  9    Spells: 4/4 levels left

rFire    . . .     SeeInvis +   p - +0 flail
rCold    . . .     Gourm    +   c - +0 kite shield
rNeg     . . .     Faith    .   b - +0 robe
rPois    .         Spirit   .   (helmet restricted)
rElec    .         Reflect  .   (no cloak)
rCorr    .         Harm     .   (gloves unavailable)
MR       .....                  (boots unavailable)
Stlth    ++........             (no amulet)
HPRegen  0.57/turn              l - ring of stealth
MPRegen  0.09/turn              n - ring of see invisible

@: no status effects
A: large, unfitting armour, claws 3, fast metabolism 3, gourmand, regeneration
1, shaggy fur 1, tough skin 3
a: no special abilities


You were on level 6 of the Dungeon.
You were near starving.

You visited 1 branch of the dungeon, and saw 6 of its levels.

You collected 90 gold pieces.

Inventory:

Hand Weapons
 a - a +0 rapier
 p - a +0 flail (weapon)
Armour
 b - a +0 robe (worn)
 c - a +0 kite shield (worn)
Jewellery
 l - a ring of stealth (left claw)
 n - a ring of see invisible (right claw)
 o - an uncursed ring of poison resistance {unknown}
Scrolls
 g - a scroll of remove curse {unknown}
 h - a scroll of fear {unknown}
 i - a scroll of amnesia {unknown}
 j - 2 scrolls of teleportation {unknown}
Potions
 d - a potion of might
 e - 2 potions of curing {unknown}
 k - a potion of lignification {unknown}
 m - a potion of cancellation {unknown}
Comestibles
 f - 7 rations


   Skills:
 + Level 3.1 Fighting
 + Level 3.1 Short Blades
 + Level 0.1 Maces & Flails
 + Level 3.1 Dodging
 + Level 0.1 Stealth
 + Level 3.3 Shields


You had 4 spell levels left.
You didn't know any spells.
Your spell library was empty.

Dungeon Overview and Level Annotations

Branches:
Dungeon (6/15)
 Temple: D:4-7

Altars:


Innate Abilities, Weirdness & Mutations

You are too large for most types of armour.
You have claws for hands.
Your metabolism is lightning-fast.
You like to eat raw meat.
Your natural rate of healing is unusually fast.
You are covered in fur. (AC +1)
You have extremely tough skin. (AC +3)


Message History

The sky beast closely misses you.
You miss the sky beast. The sky beast barely misses you.
You barely miss the sky beast.
The sky beast hits you but does no damage.
You thump the sky beast!
The sky beast is heavily wounded.
You block the sky beast's attack. x2
You hit the sky beast.
The sky beast is severely wounded.
The sky beast hits you.
* * * LOW HITPOINT WARNING * * *
The sky beast shocks you.
* * * LOW HITPOINT WARNING * * *
You barely miss the sky beast.
The sky beast is severely wounded.
The sky beast flickers out of sight for a moment.
You block the sky beast's attack. The sky beast hits you.
* * * LOW HITPOINT WARNING * * *
The sky beast shocks you.
You die...

.. .#
###.#####
##........
##.........
#.<........
#.(........
#.)†.......
#@Y........
#..........
.............
####.#........
#.######.##
#.# .# #.# #
..#


You could see a sky beast (invisible).

Vanquished Creatures
  A centaur (D:6)
  A water moccasin skeleton (D:5)
  A worker ant (D:4)
  A hound skeleton (D:4)
  2 adders (D:2)
  A dart slug (D:1)
  2 leopard geckos
  A ball python (D:3)
  A giant cockroach (D:5)
  2 goblins
  2 hobgoblins
  A kobold (D:1)
  A quokka (D:3)
  2 bats
  A frilled lizard (D:3)
  2 rats
22 creatures vanquished.

Notes
Turn   | Place    | Note
-------+----------+-------------------------------------------
     0 | D:1      | tincowman the Troll Fighter began the quest for the Orb.
     0 | D:1      | Reached XP level 1. HP: 22/22 MP: 0/0
   329 | D:1      | Reached XP level 2. HP: 28/29 MP: 1/1
   508 | D:2      | Reached XP level 3. HP: 36/36 MP: 2/2
   652 | D:4      | Reached XP level 4. HP: 38/44 MP: 3/3
   731 | D:5      | Entered Level 5 of the Dungeon
   842 | D:6      | Noticed a centaur
   844 | D:6      | Noticed a sky beast
   854 | D:6      | Killed a centaur
   854 | D:6      | Reached XP level 5. HP: 24/53 MP: 4/4
   865 | D:6      | Slain by a sky beast

Illustrated notes

Levels and vault maps discovered:
D:1:      lemuel_arrival_river_ford, layout_rooms
D:2:      cheibrodos_pilgrimage, layout_loops_ring, lemuel_doored_altar,
          minmay_misc_feat_chi
D:3:      layout_basic, fiery_altar_vehumet, serial_bayou_pond_b
D:4:      layout_basic, led_sif_pool, kennysheep_mini_moat,
          minmay_temple_entry_sparse_star, serial_shops, kennysheep_little_box,
          first_ration, uniq_ijyb
D:5:      layout_loops_ring
D:6:      layout_rooms, old_standard_altar, serial_park_tiny_2,
          minmay_fractal_squares_5, uniq_pikel

Skill      XL: |  1  2  3  4 |
---------------+-------------+-----
Shields        | 3 |  3.3
Short Blades   | 2 3 |  3.1
Fighting       | 3 |  3.1
Dodging        | 3 |  3.1
Maces & Flails | |  0.1
Stealth        | |  0.1

Action                   |  1- 3 |  4- 6 || total
-------------------------+-------+-------++-------
Melee: Rapier            |    70 |    16 ||    86
       Flail             |       |    15 ||    15
  Eat: Ration            |     1 |       ||     1
Armor: Robe              |    23 |    10 ||    33
Dodge: Dodged            |    43 |    11 ||    54
Block: Kite shield       |    32 |    24 ||    56
